 Dungeon Crawl Stone Soup version 0.30-a0-651-g0755cc6dcf (webtiles) character file.

Game seed: 16398262796749105215

110 Citaku the Covered (level 4, 0/40 HPs)
             Began as a Minotaur Fighter on Jan 17, 2023.
             Slain by an orc
             ... wielding a +0 trident
              (6 damage)
             ... on level 3 of the Dungeon.
             The game lasted 00:02:24 (1829 turns).

Citaku the Covered (Minotaur Fighter)               Turns: 1829, Time: 00:02:25

Health: 0/40       AC:  8    Str: 23    XL:     4   Next: 61%
Magic:  3/3        EV:  9    Int:  5    God:
Gold:   81         SH:  4    Dex:  9    Spells: 3/3 levels left

rFire   . . .      SeeInvis .    a - +0 war axe
rCold   . . .      Faith    .    c - +0 buckler
rNeg    . . .      Spirit   .    b - +0 scale mail
rPois   .          Reflect  .    (helmet restricted)
rElec   .          Harm     .    o - +0 cloak
rCorr   .          Rampage  .    (no gloves)
Will    .....                    (no boots) Stlth
                                 (no amulet)
HPRegen 0.26/turn                (no ring)
MPRegen 0.08/turn                (no ring)

@: mighty, very slow
A: horns 2, retaliatory headbutt
a: no special abilities


You were on level 3 of the Dungeon.
You visited 1 branch of the dungeon, and saw 3 of its levels.

You collected 81 gold pieces.

Inventory:

Hand Weapons
 a - a +0 war axe (weapon)
Armour
 b - a +0 scale mail (worn)
 c - a +0 buckler (worn)
 o - a +0 cloak (worn)
Scrolls
 e - 3 scrolls of teleportation {unknown}
 h - a scroll of identify {unknown}
 i - a scroll of blinking {unknown}
 k - a scroll of poison {unknown}
 l - 2 scrolls of noise {unknown}
 n - a scroll of enchant weapon {unknown}
Potions
 f - a potion of degeneration {unknown}
 g - 2 potions of lignification {unknown}
 j - a potion of haste {unknown}
 m - 3 potions of brilliance {unknown}
 p - a potion of curing {unknown}


   Skills:
 + Level 4.2 Fighting
 * Level 3.8 Axes
 * Level 4.8 Armour
 + Level 4.3 Shields


You had 3 spell levels left.
You didn't know any spells.
Your spell library was empty.

Dungeon Overview and Level Annotations

Branches:
Dungeon (3/15)

Altars:


Innate Abilities, Weirdness & Mutations

You have a pair of horns on your head.
You reflexively headbutt those who attack you in melee.


Message History

You hit the orc.
The orc is lightly wounded.
You closely miss the orc. You barely miss the goblin.
The orc hits you but does no damage. x2
The goblin splashes around in the water.
The orc closely misses you.
You feel very mighty all of a sudden. You block the orc's attack.
The orc closely misses you. The orc hits you with a +0 hand axe.
The hobgoblin unwields a +0 sling.
The hobgoblin closely misses you. You furiously retaliate!
You headbutt the hobgoblin.
You kill the hobgoblin!
You hear a splash.
The goblin hits you with a +0 club.
You are too injured to fight recklessly!
You are too injured to fight recklessly!
You are too injured to fight recklessly!
You are too injured to fight recklessly!
Your unstable footing causes you to fumble your attack.
The orc hits you from afar with a +0 trident.
The orc hits you but does no damage.
The orc splashes around in the water.
The goblin splashes around in the water.
The orc hits you from afar with a +0 trident.
* * * LOW HITPOINT WARNING * * *
The orc hits you with a +0 dagger.
* * * LOW HITPOINT WARNING * * *
Your unstable footing causes you to fumble your attack.
The orc hits you with a +0 hand axe.
* * * LOW HITPOINT WARNING * * *
The goblin hits you with a +0 club.
* * * LOW HITPOINT WARNING * * *
The orc closely misses you.
The orc splashes around in the water.
The goblin hits you but does no damage.
The orc splashes around in the water.
Your unstable footing causes you to fumble your attack.
You block the orc's attack. The orc hits you but does no damage.
The goblin splashes around in the water.
The orc splashes around in the water.
Your unstable footing causes you to fumble your attack.
The orc hits you from afar with a +0 trident.
You die...

### #### ## #.. .<.#
.... #.# #..# ..# ##
#.####..###.#
.######†....).....#####.
............†...........
........................
~~~.~~~~..~~~.~.~)......
~~~~≈~~≈~~~≈~~~~@o....~~
≈≈~≈≈≈≈≈≈≈≈≈≈≈≈~ogg...~≈
≈≈≈≈≈≈≈≈≈≈≈≈≈≈≈≈~~o...~~
###################''###
...# ..# .# ..


You could see 3 orcs and 2 goblins.

Vanquished Creatures
  5 adders
  A worm (D:2)
  4 dart slugs
  2 orcs (D:3)
  4 endoplasms
  4 goblins
  10 hobgoblins
  4 jackals (D:1)
  6 ball pythons
  4 bats
  4 frilled lizards
  2 kobolds (D:2)
50 creatures vanquished.

Notes
Turn   | Place    | Note
-------+----------+-------------------------------------------
     0 | D:1      | Citaku the Minotaur Fighter began the quest for the Orb.
     0 | D:1      | Reached XP level 1. HP: 19/19 MP: 0/0
   338 | D:1      | Reached XP level 2. HP: 27/27 MP: 1/1
   545 | D:1      | Found a faded altar of an unknown god.
  1048 | D:2      | Reached XP level 3. HP: 33/33 MP: 2/2
  1673 | D:3      | Reached XP level 4. HP: 40/40 MP: 3/3
  1829 | D:3      | Slain by an orc

Illustrated notes

Levels and vault maps discovered:
D:1:      nicolae_arrival_memento_mori, layout_loops_corners,
          hellmonk_ecumenical_altar_leap_of_faith, kennysheep_flooded_box
D:2:      layout_loops_ring
D:3:      minmay_goblin_kobold_castle, layout_loops_cross

Skill      XL: |  1  2  3 |
---------------+----------+-----
Armour         | 4 |  4.8
Axes           | 3 |  3.8
Shields        | 4 |  4.3
Fighting       | 4 |  4.2

Action                   |  1- 3 |  4- 6 || total
-------------------------+-------+-------++-------
Melee: War axe           |    85 |    32 ||   117
       Headbutt          |     8 |     3 ||    11
  Use: Potion            |       |     1 ||     1
Armor: Scale mail        |    27 |    31 ||    58
Dodge: Dodged            |    36 |    19 ||    55
Block: Buckler           |    18 |     6 ||    24

Table legend: (Time is in decaauts)
 A = Elapsed time spent in this place.
 B = Non-inter-level travel time spent in this place.
 C = Inter-level travel time spent in this place.
 D = Time resting spent in this place.
 E = Time spent auto-exploring this place.
 F = Levels seen in this place.
 G = Mean time per level.
                   A        B        C        D        E       F      G
               +--------+--------+--------+--------+--------+-----+--------+
         Total |   1873 |   1769 |    104 |      0 |   1448 |   3 |  624.3 |
       Dungeon |   1873 |   1769 |    104 |      0 |   1448 |   3 |  624.3 |
               +--------+--------+--------+--------+--------+-----+--------+

Top non-repeatable levels by time:
     D:1: 956 daAuts
     D:2: 645 daAuts
     D:3: 271 daAuts
